 Dungeon Crawl Stone Soup version 0.31-a0-174-g85c54bcb58 (webtiles) character file.

Game seed: 3307828711804014038

2342 qw the Cleaver (level 9, -5/57 HPs)
             Began as a Gargoyle Fighter on June 15, 2023.
             Was an Initiate of Okawaru.
             Slain by a gnoll sergeant
             ... wielding a +0 spear
              (10 damage)
             ... on level 7 of the Dungeon.
             The game lasted 00:03:10 (5518 turns).

qw the Cleaver (Gargoyle Fighter)                   Turns: 5518, Time: 00:03:11

Health: -5/57      AC: 23    Str: 28    XL:     9   Next: 43%
Magic:  9/9        EV:  9    Int:  9    God:    Okawaru [......]
Gold:   281        SH:  5    Dex: 15    Spells: 8/8 levels left

rFire   . . .        Y - +0 war axe
rCold   . . .        c - +0 buckler
rNeg    + . .        k - +0 chain mail of Modesty {Str+4}
rPois   inf          (no helmet)
rElec   +            (no cloak)
rCorr   .            i - +0 pair of gloves
SInv    .            h - +1 pair of boots
Will    .....        (no amulet) Stlth
                     l - +4 ring of protection
HPRegen 0.29/turn    a - +6 ring of dexterity
MPRegen 0.11/turn

%: no passive effects
@: no status effects
A: sickness immunity, AC +6, negative energy resistance 1, electricity
resistance, torment resistance 1, petrification resistance
a: Renounce Religion


You were on level 7 of the Dungeon.
You worshipped Okawaru.
Okawaru was noncommittal.
You visited 2 branches of the dungeon, and saw 8 of its levels.

You collected 281 gold pieces.


Innate Abilities, Weirdness & Mutations

You are immune to sickness and miasma.
Your stone body is resilient. (AC +6)
You are immune to poison.
You resist negative energy. (rN+)
You are resistant to electric shocks. (rElec)
You are resistant to unholy torment.
You are immune to petrification.


   Skills:
 - Level 7.0 Fighting
 - Level 9.0 Axes
 - Level 1.4 Throwing
 + Level 4.9 Armour
 - Level 2.0 Dodging
 - Level 4.2 Shields


You had 8 spell levels left.
You didn't know any spells.
Your spell library was empty.

Inventory:

Hand Weapons
 j - a +5 morningstar
 Y - a +0 war axe (weapon)
Armour
 c - a +0 buckler (worn)
 h - a +1 pair of boots (worn)
 i - a +0 pair of gloves (worn)
 k - the +0 chain mail of Modesty (worn) {Str+4}
   (You found it on level 3 of the Dungeon)

   Str:       It affects your strength (+4).
Jewellery
 a - a +6 ring of dexterity (right hand)
 l - a +4 ring of protection (left hand)
 r - a ring of resist corrosion
 s - an amulet of guardian spirit
Scrolls
 b - a scroll of identify
 q - 2 scrolls of teleportation
Potions
 d - a potion of might
 e - a potion of heal wounds
 f - 2 potions of mutation
 g - 2 potions of curing
 m - a potion of magic
 n - a potion of attraction {unknown}
 o - a potion of lignification {unknown}
 p - a potion of resistance {unknown}

Dungeon Overview and Level Annotations

Branches:
Dungeon (7/15)             Temple (1/1) D:6

Altars:
Ashenzari
Cheibriados
Elyvilon
Fedhas
Gozag
Hepliaklqana
Kikubaaqudgha
Nemelex Xobeh
Okawaru
Qazlal
Sif Muna
Trog
Uskayaw
Vehumet
Wu Jian
Xom
Yredelemnul
Zin

Shops:
D:4 *

Annotations:
D:5 2 transporters, qw's ghost, amateur MiHu


Message History

A gnoll sergeant comes into view. It is wielding a +0 spear.
The gnoll sergeant shouts!
You see here an iguana corpse.
You hit the steam dragon.
The steam dragon is lightly wounded.
The steam dragon closely misses you. You block the steam dragon's attack.
You barely miss the steam dragon.
The steam dragon is lightly wounded.
The steam dragon closely misses you. You block the steam dragon's attack.
A gnoll comes into view. It is wielding a +0 whip.
The steam dragon bites you but does no damage.
The steam dragon claws you.
The gnoll sergeant hits you but does no damage.
You hit the steam dragon but do no damage.
The steam dragon is lightly wounded.
The gnoll sergeant hits you from afar with a +0 spear.
The steam dragon bites you but does no damage.
The steam dragon claws you but does no damage.
You hit the steam dragon.
The steam dragon is lightly wounded.
The steam dragon breathes steam at you. The ball of steam hits you!
You block the gnoll sergeant's attack.
You slash the steam dragon!
The steam dragon is moderately wounded.
You are engulfed in a cloud of scalding steam.
The gnoll sergeant hits you but does no damage.
You block the steam dragon's attack.
The steam dragon claws you but does no damage.
You hit the steam dragon but do no damage.
The steam dragon is moderately wounded.
You are engulfed in a cloud of scalding steam.
The gnoll sergeant hits you but does no damage.
The steam dragon bites you!
The steam dragon claws you but does no damage.
You slash the steam dragon!
The steam dragon is almost dead.
You are engulfed in a cloud of scalding steam.
The steam dragon barely misses you. The steam dragon claws you.
The gnoll sergeant hits you from afar with a +0 spear!
You die...

##~~~~###~......#
##.## ..#~~#
..#......# ##.##
}.# .}.#..[...#
#### ##.## ..#
...#.##...# #....
##.## #. #..
#...# #..... ##.#
.. #...##......
### #...#¤g.....
#...#g......
##¤)@D......
#.)######## #.#.
#. .~ #. ~.. #.
~.~. #. ~.~._ ##
~.~...


You could see a steam dragon, a gnoll sergeant and a gnoll.

Vanquished Creatures
  Pikel (D:4)
  A black bear (D:6)
  3 ice beasts (D:6)
  2 centaurs (D:5)
  A phantom (D:4)
  A lemure (D:4)
  A bullfrog (D:6)
  A gnoll sergeant (D:5)
  2 scorpions (D:6)
  4 wights (D:4)
  A howler monkey (D:3)
  4 hounds
  2 orc priests (D:6)
  A jelly (D:6)
  2 iguanas
  3 sleepcaps
  5 orc wizards
  9 adders
  16 gnolls
  An ufetubus (D:5)
  2 worms (D:2)
  A dart slug (D:1)
  16 orcs
  5 bats
  4 endoplasms
  8 goblins
  10 hobgoblins
  6 jackals
  4 quokkas
  6 ball pythons
  4 frilled lizards
  4 kobolds
  6 rats
137 creatures vanquished.

Notes
Turn   | Place    | Note
-------+----------+-------------------------------------------
     0 | D:1      | qw the Gargoyle Fighter began the quest for the Orb.
     0 | D:1      | Reached XP level 1. HP: 14/14 MP: 1/1
     0 | D:1      | 0 ||| qw: Version: 0.2-a-29-g511e9b1
     0 | D:1      | 0 ||| qw: Game counter: 5302
     0 | D:1      | 0 ||| qw: Always use a shield: true
     0 | D:1      | 0 ||| qw: God list: Okawaru
     0 | D:1      | 0 ||| qw: Allow faded altars: false
     0 | D:1      | 0 ||| qw: Do Orc after D:15 true
     0 | D:1      | 0 ||| qw: Do second Lair branch before Depths: true
     0 | D:1      | 0 ||| qw: Lair rune preference: random
     0 | D:1      | 0 ||| qw: Plans: Normal, Zot:1-4, Slime:5, God:TSO, Crypt,
                  | Tomb, Abyss, Pan, Hells, Win
     0 | D:1      | 0 ||| PLANNING D:1-11
    49 | D:1      | Reached skill level 2 in Axes
    98 | D:1      | Reached XP level 2. HP: 19/19 MP: 2/2
   241 | D:1      | Reached skill level 3 in Axes
   383 | D:1      | Reached XP level 3. HP: 19/23 MP: 3/3
   399 | D:1      | 399 ||| DROPPING +0 club.
   470 | D:1      | 470 ||| UPGRADING to +1 pair of boots.
   475 | D:1      | 475 ||| UPGRADING to +0 pair of gloves.
   480 | D:1      | 480 ||| READING scroll labelled SIADEM QIDI.
   481 | D:1      | 481 ||| DRINKING 2 metallic inky potions.
   510 | D:2      | Found a faded altar of an unknown god.
   645 | D:2      | 645 ||| Stepping ~*~*~tactically~*~*~ (stealth).
   646 | D:2      | 646 ||| Stepping ~*~*~tactically~*~*~ (stealth).
   647 | D:2      | 647 ||| Stepping ~*~*~tactically~*~*~ (stealth).
   706 | D:2      | 706 ||| Stepping ~*~*~tactically~*~*~ (stealth).
   710 | D:2      | Reached XP level 4. HP: 28/28 MP: 4/4
   738 | D:2      | 738 ||| DROPPING +0 whip.
   889 | D:2      | Reached skill level 4 in Axes
  1065 | D:2      | 1065 ||| UPGRADING to +0 chain mail.
  1075 | D:2      | 1075 ||| DROPPING +0 scale mail.
  1076 | D:2      | 1076 ||| READING scroll labelled GOUTRAN AZAK.
  1233 | D:3      | Identified the +0 chain mail of Modesty {Str+4}
  1240 | D:3      | Reached XP level 5. HP: 32/32 MP: 5/5
  1246 | D:3      | 1246 ||| Stepping ~*~*~tactically~*~*~ (stealth).
  1247 | D:3      | 1247 ||| Stepping ~*~*~tactically~*~*~ (stealth).
  1581 | D:3      | Reached skill level 1 in Throwing
  2098 | D:3      | 2098 ||| UPGRADING to +0 chain mail of Modesty {Str+4}.
  2108 | D:3      | 2108 ||| DROPPING +0 chain mail.
  2109 | D:3      | 2109 ||| UPGRADING to +4 ring of protection.
  2110 | D:3      | 2110 ||| READING scroll labelled ILUTUU NELIZOL.
  2111 | D:3      | 2111 ||| DRINKING 2 viscous pink potions.
  2153 | D:4      | Reached skill level 5 in Axes
  2194 | D:4      | Reached XP level 6. HP: 38/38 MP: 6/6
  2213 | D:4      | 2213 ||| Stepping ~*~*~tactically~*~*~ (stealth).
  2216 | D:4      | 2216 ||| Stepping ~*~*~tactically~*~*~ (hiding).
  2297 | D:4      | 2297 ||| DROPPING +0 mace.
  2347 | D:4      | Noticed Pikel
  2351 | D:4      | 2351 ||| Stepping ~*~*~tactically~*~*~ (stealth).
  2352 | D:4      | 2352 ||| Stepping ~*~*~tactically~*~*~ (stealth).
  2359 | D:4      | HP: 9/38 [Pikel/+1 whip of flaming (8)]
  2360 | D:4      | 2360 ||| DRINKING potion of heal wounds.
  2372 | D:4      | Killed Pikel
  2373 | D:4      | Reached skill level 7 in Axes
  2373 | D:4      | Reached XP level 7. HP: 43/43 MP: 7/7
  2373 | D:4      | Reached XP level 8. HP: 48/48 MP: 8/8
  2490 | D:4      | 2490 ||| Stepping ~*~*~tactically~*~*~ (hiding).
  2504 | D:4      | Reached skill level 1 in Dodging
  2521 | D:4      | 2521 ||| FLEEEEING.
  2522 | D:4      | 2522 ||| FLEEEEING.
  2523 | D:4      | 2523 ||| FLEEEEING.
  2526 | D:4      | 2526 ||| FLEEEEING.
  2528 | D:4      | 2528 ||| FLEEEEING.
  2530 | D:4      | 2530 ||| STAIRDANCE
  2548 | D:3      | 2548 ||| UPGRADING to +6 ring of dexterity.
  2549 | D:3      | 2549 ||| READING 2 scrolls of identify.
  2549 | D:3      | 2549 ||| IDENTIFYING fizzy orange potion
  2654 | D:4      | Found Amemmie's Serpentskin Sales.
  2787 | D:4      | 2787 ||| Stepping ~*~*~tactically~*~*~ (hiding).
  2986 | D:4      | 2986 ||| DROPPING ring of wizardry.
  3032 | D:5      | Entered Level 5 of the Dungeon
  3039 | D:5      | 3039 ||| Stepping ~*~*~tactically~*~*~ (hiding).
  3058 | D:5      | HP: 8/49 [gnoll sergeant/+4 spear (6)]
  3068 | D:5      | Reached skill level 8 in Axes
  3313 | D:5      | Noticed a hornet
  3314 | D:5      | Found a transporter.
  3318 | D:5      | Found a transporter.
  3321 | D:5      | Noticed qw's ghost (amateur MiHu)
  3401 | D:5      | 3401 ||| Stepping ~*~*~tactically~*~*~ (hiding).
  3570 | D:5      | 3570 ||| Stepping ~*~*~tactically~*~*~ (stealth).
  3803 | D:5      | 3803 ||| READING scroll labelled KOWYUPAMIPS.
  3804 | D:5      | 3804 ||| READING 3 scrolls labelled XUTHRA DUMU.
  3807 | D:5      | 3807 ||| READING 2 scrolls of identify.
  3807 | D:5      | 3807 ||| IDENTIFYING silvery potion
  3808 | D:5      | 3808 ||| DROPPING potion of invisibility.
  3883 | D:6      | Reached skill level 6 in Fighting
  3913 | D:6      | Reached XP level 9. HP: 45/55 MP: 9/9
  4160 | D:6      | 4160 ||| Stepping ~*~*~tactically~*~*~ (hiding).
  4161 | D:6      | 4161 ||| Stepping ~*~*~tactically~*~*~ (hiding).
  4184 | D:6      | 4184 ||| Stepping ~*~*~tactically~*~*~ (hiding).
  4185 | D:6      | 4185 ||| Stepping ~*~*~tactically~*~*~ (hiding).
  4186 | D:6      | 4186 ||| Stepping ~*~*~tactically~*~*~ (hiding).
  4241 | D:6      | 4241 ||| DRINKING 2 potions of curing.
  4241 | D:6      | 4241 ||| (to cure confusion)
  4248 | D:6      | Reached skill level 9 in Axes
  4518 | D:6      | Found a staircase to the Ecumenical Temple.
  4519 | D:6      | 4519 ||| PLANNING TEMPLE
  4805 | D:6      | Found a hide-covered altar of Uskayaw.
  4978 | D:6      | 4978 ||| READING 2 scrolls of identify.
  4978 | D:6      | 4978 ||| IDENTIFYING bubbling black potion
  5131 | Temple   | Entered the Ecumenical Temple
  5164 | Temple   | 5164 ||| PLANNING OKAWARU WORSHIP
  5243 | Temple   | Became a worshipper of Warmaster Okawaru
  5244 | Temple   | 5244 ||| PLANNING D:1-11
  5396 | D:6      | 5396 ||| Stepping randomly (stuck).
  5501 | D:7      | Found an opulent altar of Gozag.
  5507 | D:7      | 5507 ||| Stepping ~*~*~tactically~*~*~ (hiding).
  5518 | D:7      | HP: 9/57 [steam dragon] (11)]
  5518 | D:7      | Slain by a gnoll sergeant

Levels and vault maps discovered:
D:1:      dpeg_arrival_tiny_b, layout_rooms
D:2:      layout_rooms, hellmonk_ecumenical_altar_zigzags,
          minmay_tree_intersection
D:3:      layout_basic, serial_corexii_hall, corexii_hall_statues_l,
          corexii_hall_statues_t
D:4:      layout_loops_ring, serial_park_tiny_pond, guppyfry_shop_venom,
          uniq_pikel
D:5:      layout_loops_ring, gammafunk_ghost_hive
D:6:      layout_gridville, nicolae_overflow_crystal_walls,
          minmay_temple_entry_statues
D:7:      minmay_clustersquares, layout_cave_pods, mainiacjoe_overflow_paths,
          nicolae_dithmenos_the_darkroom, fountainhead, uniq_menkaure
Temple:   nicolae_temple_superstar

Skill      XL: |  1  2  3  4  5  6  7  8  9 |
---------------+----------------------------+-----
Axes           | 2 3 4 5 7 8 9 |  9.0
Throwing       | 1 |  1.4
Fighting       | 4 6 7 |  7.0
Dodging        | 2 |  2.0
Armour         | 4 |  4.9
Shields        | 4 |  4.2

Action                     |  1- 3 |  4- 6 |  7- 9 || total
---------------------------+-------+-------+-------++-------
  Melee: War axe           |   100 |   116 |   257 ||   473
  Throw: Boomerang         |     6 |       |       ||     6
         Javelin           |       |    10 |       ||    10
    Use: Scroll            |     1 |     2 |     5 ||     8
         Potion            |     1 |     2 |     1 ||     4
 Armour: Scale mail        |    59 |     7 |       ||    66
         Chain mail        |       |    62 |   181 ||   243
  Dodge: Dodged            |    55 |    51 |   118 ||   224
  Block: Buckler           |    25 |    13 |    57 ||    95

Table legend:
 A = Non-vault XP
 B = Vault XP
 C = Vault XP percentage of total XP
 D = Non-vault monster count
 E = Vault monster count
 F = Vault count percentage of total count
                 A         B        C        D         E       F
            +---------+---------+-------+---------+---------+-------
      Total |    2679 |     668 |  20.0 |     132 |       4 |   2.9
            +---------+---------+-------+---------+---------+-------
        D:1 |      34 |       0 |   0.0 |      20 |       0 |   0.0
        D:2 |      72 |       0 |   0.0 |      26 |       0 |   0.0
        D:3 |     174 |       0 |   0.0 |      16 |       0 |   0.0
        D:4 |     499 |     668 |  57.2 |      21 |       4 |  16.0
        D:5 |     626 |       0 |   0.0 |      20 |       0 |   0.0
        D:6 |    1153 |       0 |   0.0 |      24 |       0 |   0.0
        D:7 |     121 |       0 |   0.0 |       5 |       0 |   0.0
            +---------+---------+-------+---------+---------+-------
